 Dungeon Crawl Stone Soup version 0.31.0-11-ge490571c62 (webtiles) character file.

Game seed: 13154755171620285993

4 qw the Shooter (level 1, 0/10 HPs)
             Began as a Spriggan Hunter on Feb 3, 2024.
             Slain by a quokka (2 damage)
             ... on level 1 of the Dungeon.
             The game lasted 00:00:00 (131 turns).

qw the Shooter (Spriggan Hunter)                     Turns: 131, Time: 00:00:00

Health: 0/10       AC:  2    Str:  7    XL:     1   Next: 58%
Magic:  2/2        EV: 18    Int: 10    God:
Gold:   38         SH:  0    Dex: 18    Spells: 0/0 levels left

rFire   . . .        a - +0 shortbow
rCold   . . .        (shield currently unavailable)
rNeg    . . .        c - +0 robe
rPois   .            (helmet restricted)
rElec   .            (no cloak)
rCorr   .            (gloves unavailable)
SInv    +            (boots unavailable)
Will    .....        (no amulet)
Stlth   ++           (no ring)
HPRegen 0.21/turn    (no ring)
MPRegen 0.08/turn

%: no passive effects
@: very quick
A: very small, no large weapons, unfitting armour, see invisible, speed 3
a: no special abilities


You were on level 1 of the Dungeon.
You visited 1 branch of the dungeon, and saw 1 of its levels.

You collected 38 gold pieces.


Innate Abilities, Weirdness & Mutations

You are very small and have problems with some larger weapons.
You are too small for most types of armour.
You have supernaturally acute eyesight. (SInv)
You cover ground extremely quickly. (Speed+++)


   Skills:
 - Level 1.5 Fighting
 - Level 4.0 Ranged Weapons
 + Level 3.3 Dodging
 - Level 1.5 Stealth


You couldn't memorise any spells.
You didn't know any spells.
Your spell library was empty.

Inventory:

Hand Weapons
 a - a +0 shortbow (weapon)
Armour
 c - a +0 robe (worn)
Scrolls
 b - a scroll of butterflies
 d - a scroll of noise {unknown}
 e - a scroll of teleportation {unknown}
Potions
 f - 2 potions of brilliance {unknown}

Dungeon Overview and Level Annotations

Branches:
Dungeon (1/15)

Altars:


Message History

An endoplasm comes into view.
Found a pair of gloves and 2 brown potions.
You shoot an arrow. The arrow hits the endoplasm!
You kill the endoplasm!
Your Dodging skill increases to level 3!
You now have 38 gold pieces (gained 16).
f - 2 brown potions You open the door.
A bat comes into view.
There is an open door here.
You shoot an arrow. The arrow hits the bat.
You kill the bat!
A goblin comes into view. It is wielding a +0 dagger.
You shoot an arrow. The arrow hits the goblin.
The goblin shouts!
The goblin is severely wounded.
A quokka comes into view.
You shoot an arrow. The arrow hits the goblin.
You kill the goblin!
You shoot an arrow.
The arrow hits the quokka but does no damage.
You shoot an arrow. The arrow closely misses the quokka.
You shoot an arrow. The arrow barely misses the quokka.
You shoot an arrow. The arrow closely misses the quokka.
The quokka barely misses you. The quokka closely misses you.
You shoot an arrow. The arrow misses the quokka.
The quokka barely misses you.
You shoot an arrow. The arrow misses the quokka.
The quokka barely misses you. The quokka bites you.
You shoot an arrow. The arrow hits the quokka.
The quokka is lightly wounded.
The quokka bites you.
You shoot an arrow. The arrow barely misses the quokka.
The quokka completely misses you.
The quokka twitches its whiskers.
The quokka bites you.
You shoot an arrow. The arrow hits the quokka.
The quokka is severely wounded.
The quokka bites you.
You die...

.........# .# .........#
.# #####
........######.# ##..)..
...............# .....#
........#.....## .....+
........#.....# .....#
........#....[# .....#
........#.....###r....##
........#.....'.@.......
........#.....###.....#.
.......#.....# ....%#
........# .....#
######### ######


You could see a quokka.

Vanquished Creatures
  An endoplasm (D:1)
  A goblin (D:1)
  A hobgoblin (D:1)
  A bat (D:1)
4 creatures vanquished.

Notes
Turn   | Place    | Note
-------+----------+-------------------------------------------
     0 | D:1      | qw the Spriggan Hunter began the quest for the Orb.
     0 | D:1      | Reached XP level 1. HP: 10/10 MP: 2/2
     0 | D:1      | 0 ||| qw: Version: 0.3-a-157-g843a77d
     0 | D:1      | 0 ||| qw: Game counter: 3774
     0 | D:1      | 0 ||| qw: Melee chars always use a shield: true
     0 | D:1      | 0 ||| qw: God list: Okawaru
     0 | D:1      | 0 ||| qw: Allow faded altars: false
     0 | D:1      | 0 ||| qw: Do Orc after clearing Dungeon:15 true
     0 | D:1      | 0 ||| qw: Do second Lair branch before Depths: true
     0 | D:1      | 0 ||| qw: Lair rune preference: random
     0 | D:1      | 0 ||| qw: Goals: Normal
     0 | D:1      | 0 ||| PLANNING D:1-11
   103 | D:1      | Reached skill level 3 in Dodging
   130 | D:1      | HP: 2/10 [quokka (3)]
   131 | D:1      | Slain by a quokka

Levels and vault maps discovered:
D:1:      minmay_arrival_shattered_statue, layout_basic

Skill      XL: |  1 |
---------------+----+-----
Dodging        | 3 |  3.3
Fighting       | |  1.5
Ranged Weapons | |  4.0
Stealth        | |  1.5

Action                     || total
---------------------------++-------
   Fire: Shortbow          ||    16
 Armour: Robe              ||     4
  Dodge: Dodged            ||     5

Table legend:
 A = Non-vault XP
 B = Vault XP
 C = Vault XP percentage of total XP
 D = Non-vault monster count
 E = Vault monster count
 F = Vault count percentage of total count
                 A         B        C        D         E       F
            +---------+---------+-------+---------+---------+-------
      Total |       7 |       0 |   0.0 |       4 |       0 |   0.0
            +---------+---------+-------+---------+---------+-------
        D:1 |       7 |       0 |   0.0 |       4 |       0 |   0.0
            +---------+---------+-------+---------+---------+-------
